 Dungeon Crawl Stone Soup version 0.17.1-1-g73c8601 (webtiles) character file.

620 Andry07 the Slasher (level 7, -6/35 HPs)
             Began as a Vine Stalker Fighter on Dec 25, 2015.
             Was an Initiate of the Shining One.
             Killed from afar by smajdalf's ghost (10 damage)
             ... with a magic dart
             ... on level 5 of the Dungeon.
             The game lasted 00:11:55 (2769 turns).

Andry07 the Slasher (Vine Stalker Fighter)          Turns: 2769, Time: 00:11:55

Health: -6/35      AC: 12    Str: 21    XL:     7   Next: 46%
Magic:  0/8        EV: -1    Int:  8    God:    the Shining One [......]
Gold:   86         SH:  8    Dex: 13    Spells: 0 memorised, 6 levels left

rFire  . . .     SeeInvis .     a - +0 long sword
rCold  . . .     Clarity  .     o - -1 chain mail (curse)
rNeg   . . .     SustAt   .     c - +0 shield
rPois  .         Gourm    .     B - +0 helmet
rElec  .         Spirit   +     n - +2 cloak
rCorr  .         Warding  .     (no gloves)
rMut   .         Stasis   +     q - +0 pair of boots
MR     .....                    w - amulet of stasis
Stlth  ..........               (no ring)
                                (no ring)

@: drained, not resistant to hostile enchantments, extremely unstealthy
A: fangs 2, regeneration 2, magic shield, antimagic bite, no device heal 3, rot
immunity
a: Renounce Religion


You were on level 5 of the Dungeon.
You worshipped the Shining One.
The Shining One was noncommittal.
You were not hungry.

You visited 2 branches of the dungeon, and saw 6 of its levels.
You also visited: Sewer.

You collected 86 gold pieces.

Inventory:

Hand Weapons
 a - a +0 long sword (weapon)
 v - a +3 broad axe of venom
Armour
 b - a +0 scale mail
 c - a +0 shield (worn)
 n - a +2 cloak (worn)
 o - a cursed -1 chain mail (worn)
 q - a +0 pair of boots (worn)
 B - a +0 helmet (worn)
Jewellery
 w - an amulet of stasis (around neck)
 E - an uncursed amulet of resist corrosion
Wands
 u - a wand of slowing (23)
 x - a wand of fireball (10)
 y - a wand of random effects (13)
Scrolls
 g - 2 scrolls of fear {unknown}
 i - 2 scrolls of identify {unknown}
 m - a scroll of noise {unknown}
 p - a scroll of random uselessness {unknown}
 t - a scroll of holy word {unknown}
 D - a scroll of enchant weapon {unknown}
 F - a scroll of recharging {unknown}
 H - a scroll of immolation {unknown}
 I - a scroll of teleportation {unknown}
Potions
 d - a potion of might
 h - a potion of lignification {unknown}
 j - 2 potions of cancellation {unknown}
 k - 4 potions of curing {unknown}
 l - a potion of haste {unknown}
 z - a potion of flight {unknown}
 C - a potion of cure mutation {unknown}
 G - a potion of mutation {unknown}
Comestibles
 e - 2 bread rations
 f - a royal jelly
 r - 4 meat rations
 s - 3 fruits
 A - a beef jerky


   Skills:
 - Level 2.6(1.6) Fighting
 + Level 7.4(6.2) Long Blades
 - Level 2.4(1.4) Armour
 - Level 2.6(1.6) Shields


You had 6 spell levels left.
You didn't know any spells.

Dungeon Overview and Level Annotations

Branches:
Dungeon (5/15)             Temple (1/1) D:4

Altars:
Cheibriados
Dithmenos
Elyvilon
Fedhas
Gozag
Kikubaaqudgha
Makhleb
Nemelex Xobeh
Okawaru
Trog
Xom
The Shining One

Shops:
D:4 :}[

Annotations:
D:5 smajdalf's ghost, novice DrCj


Innate Abilities, Weirdness & Mutations

You have extremely sharp teeth.
You heal very quickly.
When hurt, damage is shared between your health and your magic reserves.
Your bite disrupts and absorbs the magic of your enemies.
Potions and wands cannot restore your health.
You are immune to rotting.


Message History

Smajdalf's ghost gestures at you while chanting.
The spray of energy misses you.
You hit smajdalf's ghost. Your bite misses smajdalf's ghost.
Smajdalf's ghost is lightly damaged.
You block smajdalf's ghost's attack.
Your shield and chain mail prevent you from hitting smajdalf's ghost.
Smajdalf's ghost is lightly damaged.
Smajdalf's ghost points at you and mumbles some strange words.
The spray of energy hits you!
Your shield and chain mail prevent you from hitting smajdalf's ghost.
You bite smajdalf's ghost, but do no damage.
Smajdalf's ghost is lightly damaged.
Smajdalf's ghost breathes negative energy at you.
The bolt of negative energy hits you!
You feel drained.
Ouch! That really hurt!
* * * LOW HITPOINT WARNING * * *
There is a stone staircase leading up here.
Smajdalf's ghost points at you and mumbles some strange words.
The magic dart hits you!
You die...

######.##..........
.......#...........
.......#............
#...#..............
#.#................
#...#.............
#.#..............
#.#W#...........
#.@.......(....
.....(.#)###.#..###
........... ....#
.......#####......
....... ...#.##
#..#... ...#.#
#..#.## #. ..


You could see smajdalf's ghost.

Vanquished Creatures
  2 ogres (D:4)
  A centaur (D:4)
  A crimson imp (D:4)
  2 orc wizards (D:4)
  A hound (D:4)
  A giant frog skeleton (D:4)
  An orc priest (D:4)
  A worker ant (D:4)
  8 adders
  3 worms
  6 giant geckos
  13 orcs
  7 giant cockroaches
  3 hobgoblins
  15 jackals
  6 kobolds
  6 ball pythons
  A bat (D:1)
  5 giant newts
  2 goblins
  5 rats
90 creatures vanquished.

Vanquished Creatures (others)
  An orc (D:5)
1 creature vanquished.

Grand Total: 91 creatures vanquished

Notes
Turn   | Place    | Note
--------------------------------------------------------------
     0 | D:1      | Andry07 the Vine Stalker Fighter began the quest for the Orb.
     0 | D:1      | Reached XP level 1. HP: 11/11 MP: 2/2
   111 | D:1      | Reached XP level 2. HP: 16/16 MP: 3/3
   743 | D:2      | Reached skill level 3 in Long Blades
   743 | D:2      | Reached XP level 3. HP: 14/19 MP: 4/4
  1091 | D:3      | Reached XP level 4. HP: 23/23 MP: 5/5
  1101 | D:3      | Found a glowing drain.
  1111 | Sewer    | Entered a sewer
  1132 | Sewer    | Reached skill level 4 in Long Blades
  1675 | D:3      | Reached XP level 5. HP: 27/27 MP: 6/6
  1823 | D:5      | Entered Level 5 of the Dungeon
  1855 | D:4      | Found Ajysues's Gadget Shoppe.
  1894 | D:4      | Found a shimmering altar of Xom.
  1926 | D:4      | Reached skill level 5 in Long Blades
  1939 | D:4      | Gained mutation: You heal very quickly. [Vine Stalker growth]
  1939 | D:4      | Reached XP level 6. HP: 13/32 MP: 4/7
  1964 | D:4      | Found Rahasua's Book Boutique.
  2115 | D:4      | Found an iron altar of Okawaru.
  2191 | D:4      | Reached skill level 6 in Long Blades
  2193 | D:4      | Found a staircase to the Ecumenical Temple.
  2212 | Temple   | Entered the Ecumenical Temple
  2279 | Temple   | Became a worshipper of the Shining One
  2345 | D:4      | Noticed an ogre
  2355 | D:4      | Killed an ogre
  2450 | D:4      | Found Okiof's Antique Armour Shoppe.
  2464 | D:4      | Noticed a centaur
  2471 | D:4      | Noticed an ogre
  2474 | D:4      | Killed a centaur
  2474 | D:4      | Reached XP level 7. HP: 22/35 MP: 5/8
  2479 | D:4      | Killed an ogre
  2479 | D:4      | Reached skill level 7 in Long Blades
  2733 | D:5      | Noticed smajdalf's ghost (novice DrCj)
  2769 | D:5      | Killed from afar by smajdalf's ghost

Action                   |  1- 3 |  4- 6 |  7- 9 || total
-------------------------+-------+-------+-------++-------
Melee: Long sword        |    93 |    76 |    28 ||   197
       Broad axe         |       |    74 |       ||    74
  Eat: Chunk             |       |     2 |       ||     2
       Bread ration      |       |     1 |       ||     1
